 Dungeon Crawl Stone Soup version 0.22-a0-512-g0943f25 (webtiles) character file.

212 Gaball the Cudgeler (level 6, 0/44 HPs)
             Began as a Human Wanderer on June 18, 2018.
             Succumbed to a worker ant's poison
             ... on level 4 of the Dungeon.
             The game lasted 00:06:14 (3160 turns).

Gaball the Cudgeler (Human Wanderer)                Turns: 3160, Time: 00:06:15

Health: 0/44       AC:  8    Str: 18    XL:     6   Next: 13%
Magic:  6/6        EV: 10    Int: 14    God:
Gold:   118        SH:  0    Dex: 11    Spells: 5/5 levels left

rFire    + . .     SeeInvis +   c - +1 mace
rCold    + + .     Gourm    .   (no shield)
rNeg     . . .     Faith    .   b - +1 ring mail
rPois    +         Spirit   .   (no helmet)
rElec    +         Reflect  .   (no cloak)
rCorr    +         Harm     .   (no gloves)
MR       .....                  q - +1 pair of boots of Insecurity {Str+4 Slay+2}
Stlth    ..........             (no amulet)
HPRegen  0.14/turn              m - ring of loudness (curse)
MPRegen  0.10/turn              (no ring)

@: lethally poisoned (0 -> -3), resistant, flying
A: see invisible, cold resistance 1, wild magic 1
a: no special abilities


You were on level 4 of the Dungeon.
You were not hungry.

You visited 1 branch of the dungeon, and saw 4 of its levels.

You collected 118 gold pieces.

Inventory:

Hand Weapons
 c - a +1 mace (weapon)
Missiles
 n - 88 bolts
Armour
 b - a +1 ring mail (worn)
 q - the +1 pair of boots of Insecurity (worn) {Str+4 Slay+2}
   (You found it on level 4 of the Dungeon)

   It affects your strength (+4).
   It affects your accuracy and damage with ranged weapons and melee attacks
   (+2).
Jewellery
 m - a cursed ring of loudness (left hand)
Scrolls
 a - 2 scrolls of remove curse {unknown}
 j - 2 scrolls of teleportation {unknown}
 k - 3 scrolls of identify {unknown}
Potions
 g - a potion of mutation
 o - a potion of berserk rage {unknown}
Comestibles
 d - 3 rations
 p - 3 chunks of flesh


   Skills:
 - Level 2.0 Fighting
 + Level 6.4 Maces & Flails
 - Level 1.0 Throwing
   Level 1.0 Shields
   Level 1.0 Summonings
   Level 2.0 Air Magic


You had 5 spell levels left.
You didn't know any spells.
Your spell library contained the following spells:

 Spells                   Type           Power        Failure   Level  Hunger
 Lightning Bolt           Conj/Air       #.........   100%        5    ######.
 Shock                    Conj/Air       #...         43%         1    ##.....
 Swiftness                Chrm/Air       #.......     54%         2    ###....
 Airstrike                Air            #.........   95%         4    #####..
 Static Discharge         Conj/Air       #.......     78%         3    ####...


Dungeon Overview and Level Annotations

Branches:
Dungeon (4/15)
 Temple: D:4-7

Altars:
Dithmenos
Elyvilon


Innate Abilities, Weirdness & Mutations

You have supernaturally acute eyesight. (SInv)
Your flesh is cold resistant. (rC+)
Your spells are a little harder to cast, but a little more powerful.


Message History

The orc wizard casts a spell.
The orc wizard blinks!
The orc hits you from afar with a trident.
* * * LOW HITPOINT WARNING * * *
It was a potion of flight.
You feel very buoyant.
You fly up into the air.
* * * LOW HITPOINT WARNING * * *
You feel sick. The orc priest misses you. The orc hits you but does no damage.
Unknown command.
As you read the scroll labeled XIAPIF YWEWATUOV, it crumbles to dust.
It is a scroll of enchant weapon.
Your +0 mace glows red for a moment.
The orc hits you but does no damage.
The orc priest hits you with an enchanted flail.
* * * LOW HITPOINT WARNING * * *
The orc hits you but does no damage.
Unknown command.
It was a potion of resistance.
You feel protected.
You die...

### .# #.#
.a..###.###.#
.....)......#
#.# # #.# #.
#.# ##.# #o#
#.##...##o#
)...o..o@.#
..##..$####
##.# ... ###


You could see an orc priest, an orc wizard and 2 orcs.

Vanquished Creatures
  An orc priest (D:4)
  2 orc wizards (D:2)
  A worker ant (D:4)
  Robin (D:3)
  3 adders
  A worm (D:2)
  3 leopard geckos
  2 orcs (D:2)
  5 bats
  15 goblins
  11 hobgoblins
  A quokka (D:4)
  A ball python (D:2)
  A frilled lizard (D:2)
  6 kobolds
  6 rats
60 creatures vanquished.

Notes
Turn   | Place    | Note
-------+----------+-------------------------------------------
     0 | D:1      | Gaball the Human Wanderer began the quest for the Orb.
     0 | D:1      | Gaball set off with: a +0 ring mail, a +0 mace, a ration
     0 | D:1      | Reached XP level 1. HP: 16/16 MP: 1/1
   401 | D:1      | Reached XP level 2. HP: 22/22 MP: 2/2
   885 | D:2      | Gained mutation: Your spells are a little harder to cast, but a little more powerful. [potion of mutation]
   885 | D:2      | Gained mutation: Your flesh is cold resistant. (rC+) [potion of mutation]
   885 | D:2      | Gained mutation: You have supernaturally acute eyesight. (SInv) [potion of mutation]
   898 | D:2      | Reached skill level 4 in Maces & Flails
   898 | D:2      | Reached XP level 3. HP: 27/27 MP: 3/3
  1211 | D:2      | Reached XP level 4. HP: 28/33 MP: 4/4
  1225 | D:2      | Reached skill level 5 in Maces & Flails
  1518 | D:2      | Reached XP level 5. HP: 19/38 MP: 5/5
  1837 | D:2      | Found a white marble altar of Elyvilon.
  1839 | D:2      | Found a shadowy altar of Dithmenos.
  2145 | D:3      | Noticed Robin
  2747 | D:3      | Killed Robin
  2887 | D:3      | Noticed a sky beast
  3108 | D:4      | Got a pair of steaming boots
  3114 | D:4      | Identified the +1 pair of boots of Insecurity {Str+4 Slay+2} (You found it on level 4 of the Dungeon)
  3148 | D:4      | Reached skill level 6 in Maces & Flails
  3150 | D:4      | Reached XP level 6. HP: 28/44 MP: 6/6
  3158 | D:4      | HP: 2/44 [poisoned by a worker ant]
  3160 | D:4      | Succumbed to a worker ant's poison

Vault maps used:
D:1:      ncdulo_halloftheorcs
D:2:      minitemple
D:3:      uniq_robin

Skill      XL: |  1  2  3  4  5 |
---------------+----------------+-----
Maces & Flails | 4 5 6 |  6.4
Fighting       | |  2.0
Throwing       | |  1.0
Shields        | |  1.0
Summonings     | |  1.0
Air Magic      | |  2.0

Action                   |  1- 3 |  4- 6 || total
-------------------------+-------+-------++-------
Melee: Mace              |    96 |   122 ||   218
  Use: Potion            |     3 |     2 ||     5
       Scroll            |       |     3 ||     3
  Eat: Chunk             |     1 |     6 ||     7
Armor: Ring mail         |    55 |    47 ||   102
Dodge: Dodged            |    56 |    70 ||   126

Table legend:
 A = Spawn XP
 B = Non-spawn XP
 C = Spawn XP percentage of total XP
 D = Spawn monster count
 E = Non-spawn monster count
 F = Spawn count percentage of total count
 G = Total turns spent on level
                    A         B        C        D         E        F      G
               +---------+---------+-------+---------+---------+-------+---------
         Total |       0 |     303 |   0.0 |       0 |      60 |   0.0 |  3160
               +---------+---------+-------+---------+---------+-------+---------
           D:1 |       0 |      15 |   0.0 |       0 |       9 |   0.0 |   612
           D:2 |       0 |     160 |   0.0 |       0 |      33 |   0.0 |  1820
           D:3 |       0 |      50 |   0.0 |       0 |      14 |   0.0 |   538
           D:4 |       0 |      78 |   0.0 |       0 |       4 |   0.0 |   190
               +---------+---------+-------+---------+---------+-------+---------
